 Dungeon Crawl Stone Soup version 0.24.0-13-gcf9b319 (webtiles) character file.

Game seed: 2306699761715415488, levelgen mode: deterministic

5209 Fang the Fighter (level 10, -1/99 HPs)
             Began as a Gargoyle Berserker on Nov 22, 2019.
             Was a High Priest of Trog.
             Slain by a two-headed ogre
             ... wielding a +0 giant club
              (20 damage)
             ... on level 9 of the Dungeon.
             The game lasted 00:12:12 (8169 turns).

Fang the Fighter (Gargoyle Berserker)               Turns: 8169, Time: 00:12:13

Health: -1/99      AC: 24    Str: 35    XL:     10   Next: 61%
Magic:  10/10      EV:  8    Int:  7    God:    Trog [*****.]
Gold:   517        SH:  8    Dex:  9    Spells: 9/9 levels left

rFire    . . .     SeeInvis .   a - +1 war axe
rCold    . . .     Gourm    .   u - +0 shield
rNeg     + . .     Faith    .   b - +1 plate armour
rPois    ∞         Spirit   .   (no helmet)
rElec    +         Reflect  .   v - +1 cloak
rCorr    .         Harm     .   (no gloves)
MR       .....                  (no boots)
Stlth    ..........             q - amulet of the acrobat
HPRegen  0.26/turn              p - +5 ring of strength
MPRegen  0.12/turn              (no ring)

@: berserking, very quick
A: negative energy resistance 1, electricity resistance, unbreathing,
petrification resistance, rot immunity, AC +7
a: Berserk, Trog's Hand, Brothers in Arms, Renounce Religion


You were on level 9 of the Dungeon.
You worshipped Trog.
Trog was extremely pleased with you.
You were very hungry.

You visited 2 branches of the dungeon, and saw 10 of its levels.

You collected 517 gold pieces.

Inventory:

Hand Weapons
 a - a +1 war axe (weapon)
Armour
 b - a +1 plate armour (worn)
 u - a +0 shield (worn)
 v - a +1 cloak (worn)
Jewellery
 p - a +5 ring of strength (left hand)
 q - an amulet of the acrobat (around neck)
Wands
 k - a wand of paralysis (28)
 y - a wand of flame (14)
Scrolls
 e - a scroll of fear
 l - 2 scrolls of teleportation
 n - 3 scrolls of remove curse
 o - 5 scrolls of magic mapping
Potions
 f - 3 potions of berserk rage
 h - a potion of heal wounds
 j - a potion of haste
 m - 9 potions of curing {unknown}
 r - 2 potions of agility {unknown}
 s - a potion of might {unknown}
 t - a potion of mutation {unknown}
 w - a potion of magic {unknown}
 x - a potion of flight {unknown}
 z - a potion of lignification {unknown}
 B - a potion of cancellation {unknown}
Comestibles
 c - 13 rations


   Skills:
 + Level 9.1 Fighting
 + Level 7.6 Axes
 + Level 8.7 Armour
 + Level 6.6 Dodging


You had 9 spell levels left.
You didn't know any spells.
Your spell library was empty.

Dungeon Overview and Level Annotations

Branches:
Dungeon (9/15)             Temple (1/1) D:4
   Lair: D:8-11         Orc: D:9-12

Altars:
Cheibriados
Elyvilon
Gozag
Kikubaaqudgha
Nemelex Xobeh
Okawaru
Ru
Sif Muna
Trog
Uskayaw
Vehumet
Wu Jian
Yredelemnul
The Shining One

Annotations:
D:5 Prince Ribbit


Innate Abilities, Weirdness & Mutations

You are resistant to torment.
Your stone body is resilient. (AC +7)
You are immune to poison.
You resist negative energy. (rN+)
You are resistant to electric shocks. (rElec)
You can survive without breathing.
You are immune to petrification.
You are immune to rotting.


Message History

The two-headed ogre hits you with a +0 giant club!
* * * LOW HITPOINT WARNING * * *
You block the two-headed ogre's attack.
You slice the troll!!
The troll is almost dead.
You slash the two-headed ogre! The troll bites you but does no damage.
The troll closely misses you. You block the troll's attack.
You slash the troll!
You kill the troll!
Trog accepts your kill.
You slash the two-headed ogre!
The two-headed ogre hits you but does no damage.
The two-headed ogre hits you with a +0 giant club!
* * * LOW HITPOINT WARNING * * *
You slash the two-headed ogre!
The two-headed ogre is almost dead.
The two-headed ogre hits you with a +0 giant club.
* * * LOW HITPOINT WARNING * * *
The two-headed ogre hits you with a +0 giant club!!
You die...

#....###....#
.#.....#.....###
...............##
................#
................#.
...........)......
.......<..))......
.........†))......
..#.##...@.#......
.......O.##......
. .#......# ...#.
##...... ...#
#..$.... .##
##....... ..
....... ...#.....


You could see a two-headed ogre.

Vanquished Creatures
  Pikel (D:4)
  A queen bee (D:8)
  Grinder (D:3)
  A troll (D:9)
  Sigmund (D:4)
  A wyvern (D:8)
  3 ice beasts
  4 orc warriors
  A phantom (D:8)
  A sky beast (D:6)
  An ogre (D:7)
  4 centaurs
  Blork the orc (D:4)
  A wyvern zombie (D:8)
  A scorpion (D:6)
  21 killer bees (D:8)
  3 wights (D:6)
  5 crimson imps
  A bullfrog zombie (D:8)
  2 jellies
  A centaur skeleton (D:4)
  5 orc priests
  6 hounds
  2 bullfrog skeletons
  An iron imp (D:8)
  7 orc wizards
  7 worker ants
  A hound zombie (D:6)
  A hound skeleton (D:6)
  2 worker ant zombies
  A gnoll (D:4)
  A howler monkey skeleton (D:2)
  8 adders
  2 oozes
  An adder skeleton (D:6)
  An adder zombie (D:2)
  2 worms (D:2)
  A dart slug (D:1)
  10 leopard geckos
  41 orcs
  6 bats
  3 bat skeletons (D:2)
  5 giant cockroaches
  7 goblins
  10 hobgoblins
  20 jackals
  3 quokkas
  2 ball pythons
  A ball python skeleton (D:2)
  4 frilled lizards (D:1)
  A giant cockroach zombie (D:3)
  A jackal zombie (D:7)
  7 kobolds
  A leopard gecko skeleton (D:2)
  2 quokka skeletons
  3 rats
232 creatures vanquished.

Vanquished Creatures (others)
  An adder (D:4)
1 creature vanquished.

Grand Total: 233 creatures vanquished

Notes
Turn   | Place    | Note
-------+----------+-------------------------------------------
     0 | D:1      | Fang the Gargoyle Berserker began the quest for the Orb.
     0 | D:1      | Reached XP level 1. HP: 14/14 MP: 1/1
   445 | D:1      | Reached XP level 2. HP: 19/19 MP: 2/2
   834 | D:1      | Reached XP level 3. HP: 20/23 MP: 3/3
  1227 | D:2      | Reached ** piety under Trog
  1274 | D:2      | Reached XP level 4. HP: 21/29 MP: 4/4
  1540 | D:2      | Reached skill level 4 in Fighting
  1562 | D:2      | Noticed an ice beast
  1589 | D:2      | Killed an ice beast
  1589 | D:2      | Reached XP level 5. HP: 34/34 MP: 5/5
  2111 | D:3      | Reached XP level 6. HP: 39/39 MP: 6/6
  2302 | D:3      | Found a glowing golden altar of the Shining One.
  2377 | D:3      | Found a hide-covered altar of Uskayaw.
  2494 | D:3      | Found a basalt altar of Yredelemnul.
  2564 | D:3      | Reached *** piety under Trog
  2686 | D:3      | Found a bloodstained altar of Trog.
  2773 | D:4      | Noticed Grinder
  2779 | D:4      | Noticed Sigmund
  2792 | D:4      | Paralysed by Grinder for 5 turns
  2975 | D:3      | Paralysed by Grinder for 6 turns
  3005 | D:3      | Paralysed by Grinder for 6 turns
  3033 | D:3      | Paralysed by Grinder for 6 turns
  3053 | D:3      | Killed Grinder
  3053 | D:3      | Reached skill level 5 in Fighting
  3053 | D:3      | Reached XP level 7. HP: 29/44 MP: 7/7
  3112 | D:4      | Killed Sigmund
  3289 | D:4      | Noticed Blork the orc
  3290 | D:4      | You fall into a shaft and drop 2 floors!
  3346 | D:6      | Reached skill level 5 in Armour
  3370 | D:6      | Reached XP level 8. HP: 29/51 MP: 8/8
  3380 | D:6      | Reached skill level 6 in Fighting
  3380 | D:6      | Reached skill level 5 in Axes
  3696 | D:6      | Reached **** piety under Trog
  4131 | D:5      | Entered Level 5 of the Dungeon
  4219 | D:5      | Reached XP level 9. HP: 56/56 MP: 9/9
  4245 | D:5      | You fall into a shaft and drop 2 floors!
  4289 | D:7      | Found an iron altar of Okawaru.
  4305 | D:7      | Reached skill level 7 in Fighting
  4377 | D:7      | Reached skill level 5 in Dodging
  4797 | D:7      | Found a sparkling altar of Nemelex Xobeh.
  5153 | D:7      | Found a bloodstained altar of Trog.
  5654 | D:5      | Found an opulent altar of Gozag.
  5654 | D:5      | Found a white marble altar of Elyvilon.
  5654 | D:5      | Found a radiant altar of Vehumet.
  6037 | D:5      | Noticed Prince Ribbit
  6263 | D:4      | Found an ancient bone altar of Kikubaaqudgha.
  6355 | D:4      | Killed Blork the orc
  6431 | D:4      | Found a staircase to the Ecumenical Temple.
  6455 | Temple   | Entered the Ecumenical Temple
  6528 | D:4      | Noticed Pikel
  6538 | D:4      | Killed Pikel
  6920 | D:8      | Noticed a queen bee
  6959 | D:8      | Reached skill level 8 in Fighting
  6974 | D:8      | HP: 2/59 [killer bee (8)]
  6978 | D:8      | Received a gift from Trog
  7038 | D:8      | Reached XP level 10. HP: 36/64 MP: 10/10
  7212 | D:8      | Found a snail-covered altar of Cheibriados.
  7746 | D:8      | Found an ornate altar of the Wu Jian Council.
  7956 | D:8      | Reached ***** piety under Trog
  7982 | D:8      | Reached skill level 9 in Fighting
  8150 | D:9      | Received a gift from Trog
  8157 | D:9      | Noticed a two-headed ogre
  8169 | D:9      | Slain by a two-headed ogre

Levels and vault maps discovered:
D:1:      lightli_arrival_quake, layout_loops_corners, serial_glass,
          glass_columns_c, glass_columns_a, glass_columns_c, glass_columns_b,
          glass_columns_a, glass_columns_a, glass_columns_b, glass_columns_a,
          minmay_pentomino_v4
D:2:      layout_loops_ring, serial_undead, serial_undead_a, serial_undead_f,
          serial_undead_e, serial_undead_b, first_ration,
          minmay_misc_feat_ornament
D:3:      layout_rooms, old_standard_altar, old_standard_altar,
          nicolae_overflow_hidden_temple, marbit_many_paths
D:4:      layout_gridville, kennysheep_little_box,
          minmay_temple_entry_mini_moons, st_stairs_10, uniq_grinder,
          uniq_sigmund, uniq_pikel, uniq_blork_the_orc
D:5:      layout_loops_corners, chequers_temple_overflow_statue_of_worship,
          uniq_prince_ribbit1
D:6:      layout_rooms
D:7:      layout_layer_cave, lemuel_doored_altar,
          nemelex_xobeh_ov_fountains_minmay, basic_altar
D:8:      layout_loops_ring, slow_altar_1, lemuel_coloured_pillars_altar,
          kennysheep_big_empty_room, david_nohive_1, lightli_orcish_oven
D:9:      layout_cave_pools, overflow_temple_1_default
Temple:   dpeg_three_leaves_temple

Skill      XL: |  1  2  3  4  5  6  7  8  9 10 |
---------------+-------------------------------+-----
Axes           | 3 4 5 6 7 |  7.6
Dodging        | 2 3 4 5 6 |  6.6
Armour         | 3 4 5 6 7 8 |  8.7
Fighting       | 4 5 6 8 9 |  9.1

Action                   |  1- 3 |  4- 6 |  7- 9 | 10-12 || total
-------------------------+-------+-------+-------+-------++-------
Melee: Hand axe          |   117 |   275 |   339 |       ||   731
       War axe           |       |       |   107 |   189 ||   296
Invok: Berserk           |       |     2 |     7 |     3 ||    12
       Trog's Hand       |       |     2 |     3 |       ||     5
  Use: Scroll            |       |       |    11 |     6 ||    17
  Eat: Chunk             |     1 |     7 |    12 |     4 ||    24
       Ration            |       |     1 |     2 |     1 ||     4
Armor: Animal skin       |    23 |       |       |       ||    23
       Chain mail        |    29 |    99 |       |       ||   128
       Plate armour      |       |   112 |   484 |   174 ||   770
Dodge: Dodged            |    76 |   150 |   308 |   112 ||   646
Block: Shield            |       |       |   105 |   113 ||   218
